 Dungeon Crawl Stone Soup version 0.23-a0-650-ga4d50d4 (webtiles) character file.

9 Amnesiac the Digger (level 2, 0/11 HPs)
             Began as a Felid Earth Elementalist on Jan 4, 2019.
             Killed by divine providence
             ... invoked by an orc priest
              (11 damage)
             ... on level 4 of the Dungeon.
             The game lasted 00:01:28 (474 turns).

Amnesiac the Digger (Felid Earth Elementalist)       Turns: 474, Time: 00:01:29

Health: 0/11       AC:  1    Str:  4    XL:     2   Next: 3%
Magic:  6/6        EV: 18    Int: 16    God:
Gold:   13         SH:  0    Dex: 16    Spells: 2/5 levels left
                                        Lives:  0   Deaths: 0

rFire    . . .     SeeInvis +   (weapon unavailable)
rCold    . . .     Gourm    .   (shield unavailable)
rNeg     . . .     Faith    .   (armour unavailable)
rPois    .         Spirit   .   (helmet unavailable)
rElec    .         Reflect  .   (cloak unavailable)
rCorr    .         Harm     .   (gloves unavailable)
MR       .....                  (boots unavailable)
Stlth    +++.......             (no amulet)
HPRegen  0.03/turn              (no ring)
MPRegen  0.10/turn              (no ring)

@: quick
A: very small, no armour, no weapons or thrown items, stealth, claws 1, fangs 3,
see invisible, carnivore, speed 1, shaggy fur 1, slow metabolism 1, sharp paws
a: no special abilities


You were on level 4 of the Dungeon.
You were full.

You visited 1 branch of the dungeon, and saw 4 of its levels.

You collected 13 gold pieces.

Inventory:

Missiles
 b - 30 stones
Scrolls
 a - a scroll of magic mapping {!r, unknown}
 d - a scroll of remove curse {!r, unknown}
Comestibles
 c - 2 rations
 f - a chunk of flesh


   Skills:
 + Level 3.0 Dodging
 - Level 2.6 Stealth
 + Level 2.1 Spellcasting
 - Level 1.1 Transmutations
 * Level 3.0 Earth Magic


You had 2 spell levels left.
You knew the following spells:

 Your Spells              Type           Power        Failure   Level  Hunger
a - Sandblast             Erth           ##....       6%          1    #......
b - Passwall              Tmut/Erth      #.......     13%         2    ###....

Your spell library contained the following spells:

 Spells                   Type           Power        Failure   Level  Hunger
 Stone Arrow              Conj/Erth      #.....       32%         3    ###....
 Petrify                  Tmut/Erth      #.......     65%         4    #####..
 Lee's Rapid Deconstruct  Erth           ##........   86%         5    ######.


Dungeon Overview and Level Annotations

Branches:
Dungeon (4/15)
 Temple: D:4-7

Altars:

Annotations:
D:1 exclusion: dart slug


Innate Abilities, Weirdness & Mutations

You cannot wear armour.
You are incapable of wielding weapons or throwing items.
Your paws allow you to move quietly. (Stealth)
You have sharp claws.
You have razor-sharp teeth.
You have supernaturally acute eyesight. (SInv)
You are carnivorous and can eat meat at any time.
You cover ground quickly.
You are covered in fur. (AC +1)
You have a slow metabolism.
Your sharp claws are effective at attacking unaware monsters.


Message History

Okay, then.
You now have 13 gold pieces.
d - a scroll labeled ZYIV ZINWOU {!r} An ooze comes into view.
You start resting.
HP restored.
The ooze quivers.
Found a ration.
You scratch the ooze.
The ooze is moderately wounded.
The ooze misses you.
You scratch the ooze.
The ooze is severely wounded.
The ooze hits you.
You scratch the ooze. You bite the ooze.
The ooze is almost dead.
You scratch the ooze.
You kill the ooze!
Found a stone staircase leading down.
c - 2 rations (gained 1)
You start resting.
HP restored.
There is a stone staircase leading down here.
You climb downwards.
A rat and a goblin come into view.
Found an escape hatch in the floor.
There is a stone staircase leading up here.
You scratch the rat.
You kill the rat!
Your Earth Magic skill increases to level 3!
The goblin shouts!
You see here a rat corpse.
You butcher the rat corpse.
Things that are here:
a chunk of flesh; a rat skeleton You scratch the goblin.
You kill the goblin!
Your Dodging skill increases to level 3!
You have reached level 2!
f - a chunk of flesh You see here a rat skeleton.
Memorise Passwall, consuming 2 spell levels and leaving 2?
You start memorising the spell.
You continue memorising. x2
You finish memorising.
Spell assigned to 'b'.
You see here a +0 dagger.
There is a stone staircase leading up here.
You open the door.
There is an open door here.
Found a stone staircase leading down.
There is a stone staircase leading down here.
You climb downwards.
Found 28 bolts.
Found two stone staircases leading down.
There is a stone staircase leading up here.
There is a stone staircase leading down here.
You climb downwards. 3 orcs and an orc priest come into view.
The orc priest is wielding a +2 dagger of pain.
There is a stone staircase leading up here.
The orc shouts!
The orc priest shouts!
The orc priest mumbles some strange prayers to Beogh against you.
Beogh smites you!
Ouch! That really hurt!
You die...

# #.#####
...o...##
......o.##
.........#
.......@.#
...oo....#
.........#
.........#
........##
.......##
#######


You could see an orc priest and 3 orcs.

Vanquished Creatures
  An ooze (D:1)
  A goblin (D:2)
  A hobgoblin (D:1)
  A bat (D:1)
  2 rats
6 creatures vanquished.

Notes
Turn   | Place    | Note
-------+----------+-------------------------------------------
     0 | D:1      | Amnesiac the Felid Earth Elementalist began the quest for
                  | the Orb.
     0 | D:1      | Reached XP level 1. HP: 7/7 MP: 4/4
     2 | D:1      | Noticed a merfolk
     2 | D:1      | Noticed a formicid
     4 | D:1      | Noticed a troll
     4 | D:1      | Noticed a demonspawn
     6 | D:1      | Noticed a dwarf
     6 | D:1      | Noticed a centaur
     8 | D:1      | Noticed a vampire
    10 | D:1      | Noticed a minotaur
    12 | D:1      | Noticed an ogre
    12 | D:1      | Noticed a human
    14 | D:1      | Noticed a gargoyle
    16 | D:1      | Noticed a draconian
    16 | D:1      | Noticed a demigod
    18 | D:1      | Noticed an elf
    18 | D:1      | Noticed a spriggan
    20 | D:1      | Noticed a tengu
    20 | D:1      | Noticed a naga
    22 | D:1      | Noticed a felid
    22 | D:1      | Noticed an octopode
    24 | D:1      | Noticed a vine stalker
    24 | D:1      | Noticed a ghoul
    26 | D:1      | Noticed a halfling
   434 | D:2      | Reached XP level 2. HP: 11/11 MP: 6/6
   441 | D:2      | Learned a level 2 spell: Passwall
   474 | D:4      | Killed from afar by an orc priest

Vault maps used:
D:1:      kb_arrival_jail
D:2:      serial_forest, infiniplex_forest_corner_1, infiniplex_forest_end_2,
          infiniplex_forest_clump_diagonal, infiniplex_forest_end_1,
          infiniplex_forest_end_double, infiniplex_forest_lined_room_,
          infiniplex_forest_zigzag_2, infiniplex_forest_clump_C
D:3:      first_ration, minmay_pentangle
D:4:      minmay_polygon_palace, uniq_grinder, uniq_robin

Skill      XL: |  1 |
---------------+----+-----
Earth Magic    | 3 |  3.0
Dodging        | 3 |  3.0
Stealth        | |  2.6
Spellcasting   | |  2.1
Transmutations | |  1.1

Action                   || total
-------------------------++-------
Melee: Unarmed           ||    22
       Bite              ||     2
  Eat: Chunk             ||     2
Armor: Skin              ||     1
Dodge: Dodged            ||    15

Table legend:
 A = Non-vault XP
 B = Vault XP
 C = Vault XP percentage of total XP
 D = Non-vault monster count
 E = Vault monster count
 F = Vault count percentage of total count
                 A         B        C        D         E       F
            +---------+---------+-------+---------+---------+-------
      Total |      13 |       0 |   0.0 |       6 |       0 |   0.0
            +---------+---------+-------+---------+---------+-------
        D:1 |      10 |       0 |   0.0 |       4 |       0 |   0.0
        D:2 |       3 |       0 |   0.0 |       2 |       0 |   0.0
            +---------+---------+-------+---------+---------+-------
